 Dungeon Crawl Stone Soup version 0.23.0-3-gf3c87f2 (webtiles) character file.

Game seed: 2355515364317871434

420 misha the Spear-Bearer (level 6, -1/44 HPs)
             Began as a Merfolk Gladiator on Feb 22, 2019.
             Shot with an arrow by a centaur (11 damage)
             ... on level 5 of the Dungeon.
             The game lasted 00:17:49 (7418 turns).

misha the Spear-Bearer (Merfolk Gladiator)          Turns: 7418, Time: 00:17:50

Health: -1/44      AC: 11    Str: 17    XL:     6   Next: 94%
Magic:  6/6        EV:  5    Int:  7    God:
Gold:   172        SH:  3    Dex: 15    Spells: 5/5 levels left

rFire    . . .     SeeInvis .   b - +1 short sword (venom)
rCold    . . .     Gourm    .   p - +0 buckler
rNeg     . . .     Faith    +   h - +0 plate armour
rPois    .         Spirit   .   c - +0 helmet
rElec    .         Reflect  .   (no cloak)
rCorr    .         Harm     .   (no gloves)
MR       .....                  (no boots)
Stlth    ..........             m - amulet of faith
HPRegen  0.14/turn              (no ring)
MPRegen  0.10/turn              (no ring)

@: starving
A: change form in water, swift swim, stealthy swim
a: no special abilities


You were on level 5 of the Dungeon.
You were starving.

You visited 1 branch of the dungeon, and saw 5 of its levels.

You collected 172 gold pieces.

Inventory:

Hand Weapons
 a - a +0 trident
 b - a +1 short sword of venom (weapon)
 C - a +0 blowgun
Missiles
 d - a throwing net (quivered)
 g - 47 bolts
 k - 165 stones
 o - 7 tomahawks
 v - 18 sling bullets
 z - 4 needles of sleeping
 A - 5 poisoned needles
Armour
 c - a +0 helmet (worn)
 h - a +0 plate armour (worn)
 p - a +0 buckler (worn)
 B - a +0 leather armour
Jewellery
 e - an uncursed amulet of the acrobat
 m - an amulet of faith (around neck)
 D - an uncursed ring of wizardry {unknown}
Scrolls
 l - a scroll of fog
 n - 7 scrolls of identify
 y - a scroll of noise
Potions
 i - 2 potions of curing {unknown}
 q - a potion of ambrosia {unknown}
 r - 2 potions of haste {unknown}
 s - a potion of might {unknown}
 t - a potion of mutation {unknown}
 w - a potion of lignification {unknown}


   Skills:
 - Level 2.1 Fighting
 + Level 8.3 Polearms
 + Level 5.2 Throwing
 - Level 4.0 Dodging


You had 5 spell levels left.
You didn't know any spells.
Your spell library contained the following spells:

 Spells                   Type           Power        Failure   Level  Hunger
 Freeze                   Ice            #...         100%        1    ##.....
 Throw Frost              Conj/Ice       #.....       100%        2    ###....
 Ozocubu's Armour         Chrm/Ice       #.......     100%        3    ####...
 Summon Ice Beast         Ice/Summ       #.......     100%        4    #####..
 Throw Icicle             Conj/Ice       #.......     100%        4    #####..


Dungeon Overview and Level Annotations

Branches:
Dungeon (5/15)
 Temple: D:4-7

Altars:
Ashenzari
Dithmenos
Hepliaklqana
Makhleb
Nemelex Xobeh
Qazlal
Ru
Sif Muna
Wu Jian

Annotations:
D:4 3 runed translucent doors, fly's ghost, amateur DsNe


Message History

You hit the adder.
The adder is poisoned.
The adder is heavily wounded.
The centaur hits you but does no damage.
The adder bites you but does no damage.
The centaur hits you but does no damage.
The adder bites you.
The centaur hits you but does no damage.
You block the adder's attack.
The centaur wields a +0 shortbow.
The centaur shoots an arrow.
The arrow hits you but does no damage.
You see here an arrow.
You kill the adder!
The centaur shoots an arrow.
The arrow hits you.
You see here an arrow.
An ogre comes into view. It is wielding a -3 giant club.
The ogre shouts!
The centaur shoots an arrow.
The arrow hits you!
* * * LOW HITPOINT WARNING * * *
The centaur shoots an arrow.
The arrow hits you!
You die...

....................##
..................##
#.................
#........##..###.
#..((((.## .##
#.(####..# .# ##c##
##...# ###.(# ....#
#..@.# ....# #......#
.#...# .O....##..#
##...# .....# ##.#
..... #.... .. ..#.
##.. ... #.. ...# ..
#..


You could see an ogre and a centaur.

Vanquished Creatures
  A phantom (D:4)
  A hound (D:4)
  4 worker ants (D:4)
  Natasha (twice) (D:2)
  8 adders
  6 leopard geckos
  9 orcs
  6 giant cockroaches
  6 goblins
  6 hobgoblins
  5 jackals (D:1)
  7 kobolds
  A quokka (D:3)
  8 bats
  3 frilled lizards
  7 rats
80 creatures vanquished.

Notes
Turn   | Place    | Note
-------+----------+-------------------------------------------
     0 | D:1      | misha the Merfolk Gladiator began the quest for the Orb.
     0 | D:1      | Reached XP level 1. HP: 16/16 MP: 1/1
   134 | D:1      | Reached XP level 2. HP: 20/22 MP: 2/2
   308 | D:1      | Reached skill level 5 in Polearms
   742 | D:1      | Reached XP level 3. HP: 22/27 MP: 3/3
  1400 | D:2      | Reached XP level 4. HP: 21/33 MP: 4/4
  1868 | D:2      | Noticed Natasha
  1927 | D:2      | Killed Natasha
  1927 | D:2      | Reached skill level 6 in Polearms
  3664 | D:3      | Reached XP level 5. HP: 30/38 MP: 5/5
  3878 | D:2      | Noticed Natasha
  3900 | D:2      | Killed Natasha
  4397 | D:3      | Found a faded altar of an unknown god.
  4487 | D:3      | Reached skill level 7 in Polearms
  5418 | D:4      | Reached XP level 6. HP: 35/44 MP: 6/6
  5496 | D:4      | Found a sparkling altar of Nemelex Xobeh.
  5509 | D:4      | Found a deep blue altar of Sif Muna.
  5509 | D:4      | Found an ornate altar of the Wu Jian Council.
  5510 | D:4      | Found a shadowy altar of Dithmenos.
  5516 | D:4      | Found a hazy altar of Hepliaklqana.
  5519 | D:4      | Found a stormy altar of Qazlal.
  5599 | D:4      | Found a runed translucent gate.
  5599 | D:4      | Found a runed translucent gate.
  5599 | D:4      | Found a runed translucent gate.
  5600 | D:4      | Noticed fly's ghost (amateur DsNe)
  6130 | D:4      | Found a shattered altar of Ashenzari.
  6136 | D:4      | Found a burning altar of Makhleb.
  6146 | D:4      | Noticed an Executioner
  6150 | D:4      | Noticed a smoke demon
  6150 | D:4      | Noticed a smoke demon
  6250 | D:4      | Noticed a phantom
  6323 | D:4      | Killed a phantom
  6323 | D:4      | Reached skill level 8 in Polearms
  6323 | D:4      | Reached skill level 5 in Throwing
  6656 | D:4      | Found a sacrificial altar of Ru.
  6846 | D:4      | Found a runed translucent gate.
  6847 | D:4      | Found a runed translucent gate.
  6848 | D:4      | Found a runed translucent gate.
  6938 | D:4      | Found a sacrificial altar of Ru.
  7077 | D:4      | Found a shattered altar of Ashenzari.
  7082 | D:4      | Found a burning altar of Makhleb.
  7145 | D:4      | Found a sparkling altar of Nemelex Xobeh.
  7151 | D:4      | Found an ornate altar of the Wu Jian Council.
  7152 | D:4      | Found a shadowy altar of Dithmenos.
  7152 | D:4      | Found a deep blue altar of Sif Muna.
  7154 | D:4      | Found a hazy altar of Hepliaklqana.
  7155 | D:4      | Found a stormy altar of Qazlal.
  7350 | D:5      | Entered Level 5 of the Dungeon
  7418 | D:5      | Shot with an arrow by a centaur

Skill      XL: |  1  2  3  4  5  6 |
---------------+-------------------+-----
Polearms       | 5 6 7 8 |  8.3
Throwing       | 3 4 5 |  5.2
Fighting       | |  2.1
Dodging        | |  4.0

Action                   |  1- 3 |  4- 6 || total
-------------------------+-------+-------++-------
Melee: Trident           |   128 |   264 ||   392
       Short sword       |       |     5 ||     5
 Fire: Blowgun           |       |    23 ||    23
Throw: Throwing net      |       |     7 ||     7
       Stone             |       |    10 ||    10
  Use: Scroll            |       |     8 ||     8
 Stab: Held in net/web   |       |     3 ||     3
       Distracted        |       |     1 ||     1
  Eat: Ration            |     1 |     4 ||     5
       Chunk             |       |     1 ||     1
Armor: Leather armour    |     3 |       ||     3
       Plate armour      |    48 |   189 ||   237
Dodge: Dodged            |    37 |    58 ||    95
Block: Buckler           |     6 |    46 ||    52
